 Dungeon Crawl Stone Soup version 0.27-a0-1196-g3e9cee4cb2 (webtiles) character file.

Game seed: 7634759774685333262

490 Morbidden the Shield-Bearer (level 6, -5/57 HPs)
             Began as a Deep Dwarf Fighter on May 29, 2021.
             Was an Initiate of Gozag.
             Slain by an ogre
             ... wielding a +0 giant club
              (20 damage)
             ... on level 4 of the Dungeon.
             The game lasted 00:05:26 (3127 turns).

Morbidden the Shield-Bearer (Deep Dwarf Fighter)    Turns: 3127, Time: 00:05:27

Health: -5/57      AC: 10    Str: 22    XL:     6   Next: 90%
Magic:  6/6        EV:  6    Int:  8    God:    Gozag
Gold:   215        SH: 10    Dex: 12    Spells: 5/5 levels left

rFire    . . .     SeeInvis .   a - +0 long sword
rCold    . . .     Faith    .   c - +0 kite shield
rNeg     . . .     Spirit   .   j - +0 chain mail
rPois    .         Reflect  .   (no helmet)
rElec    .         Harm     .   (no cloak)
rCorr    .         Rampage  .   (no gloves)
Will     .....                  x - +0 pair of boots
Stlth    ..........             (no amulet)
HPRegen  0.00/turn              (no ring)
MPRegen  0.10/turn              (no ring)

@: no status effects
A: damage resistance, heal wounds, sense surroundings 1, no regeneration
a: Heal Wounds, Renounce Religion, Potion Petition, Call Merchant, Bribe Branch


You were on level 4 of the Dungeon.
You worshipped Gozag.
Gozag was aware of your devotion.
You visited 1 branch of the dungeon, and saw 4 of its levels.
You also visited: Sewer.

You collected 252 gold pieces.
You paid 37 gold pieces to Gozag.

Inventory:

Hand Weapons
 a - a +0 long sword (weapon)
 n - a +1 dagger of draining
Armour
 c - a +0 kite shield (worn)
 j - a +0 chain mail (worn)
 x - a +0 pair of boots (worn)
Scrolls
 g - a scroll of acquirement {unknown}
 i - 5 scrolls of teleportation
 k - a scroll of holy word {unknown}
 l - a scroll of magic mapping {unknown}
 p - a scroll of fear
 q - a scroll of blinking {unknown}
 r - a scroll of fog {unknown}
 t - a scroll of torment {unknown}
 u - 2 scrolls of identify {unknown}
Potions
 b - 3 potions of curing
 d - 3 potions of might
 e - a potion of lignification
 f - 5 potions of magic
 m - a potion of mutation {unknown}
 o - a potion of haste {unknown}
 s - a potion of cancellation {unknown}
 v - a potion of brilliance {unknown}
 w - a potion of degeneration {unknown}


   Skills:
 * Level 3.7 Fighting
 * Level 4.4 Long Blades
 + Level 4.5 Armour
 * Level 2.2 Dodging
 + Level 5.3 Shields


You had 5 spell levels left.
You didn't know any spells.
Your spell library was empty.

Dungeon Overview and Level Annotations

Branches:
Dungeon (4/15)             Temple (0/1) D:4           Sewer (visited)

Altars:
Gozag
Ru

Shops:
D:1 *


Innate Abilities, Weirdness & Mutations

You are resistant to damage.
You can heal yourself by infusing magical energy.
You passively map a small area around you.
You do not regenerate.


Message History

You swing at nothing.
You swing at nothing.
You now have 208 gold pieces (gained 13).
Things that are here:
a +0 mace; a +0 mace You now have 215 gold pieces (gained 7).
You see here a +0 war axe.
Key pressed, stopping explore.
You are too injured to fight recklessly!
You are too injured to fight recklessly!
An ogre comes into view. It is wielding a +0 giant club.
The ogre shouts!
You are too injured to fight recklessly!
You are too injured to fight recklessly!
An ogre is nearby!
You are too injured to fight recklessly!
Your library has no spells.
Unknown command.
You aren't carrying any items that you can evoke.
Unknown command.
It was a potion of heal wounds.
You feel much better.
Non-targeted abil: Heal Wounds
Press: ? - help, Q - select action, (/) - cycle Dir - look around, f - activate
Okay, then.
Unknown command.
You aren't carrying any items that you can evoke.
Unknown command.
You swing at nothing.
You swing at nothing.
You hit the ogre but do no damage.
The ogre hits you with a +0 giant club!! x2
You hit the ogre.
The ogre is lightly wounded.
The ogre hits you with a +0 giant club.
* * * LOW HITPOINT WARNING * * *
You hit the ogre.
The ogre is lightly wounded.
The ogre hits you with a +0 giant club!!
You die...
Your body crumbles into a pile of gold.

, ... #.#####.#.#... *
* .. #.........#...
*#. #.#####.#.#... *
###.#####...###.#.####
,
..........#...........
##..##...#...#.#.#.#.
,
#.......###........#.
#.#............#.#.#.
#.@.#.....#........ ,
* *
#O###..>..###.##.#.
... #.....#........ ,
, #..#,
.........#..... , ,
,.... ,
..###........#. , ,
,**###..
...#...#.....#. , ,,
#. , ..#..##....##.
### #....# *
............ * #.#
....#.#*#...........


You could see an ogre.

Vanquished Creatures
  A centaur (D:4)
  2 bullfrogs (Sewer)
  A scorpion (D:4)
  Jessica (D:2)
  Terence (D:1)
  4 adders
  3 river rats (Sewer)
  2 worms
  4 orcs
  6 bats
  8 endoplasms
  5 giant cockroaches
  4 goblins
  4 hobgoblins
  4 kobolds
  A quokka (D:3)
  25 ball pythons
  A frilled lizard (D:2)
  28 rats
105 creatures vanquished.

Notes
Turn   | Place    | Note
-------+----------+-------------------------------------------
     0 | D:1      | Morbidden the Deep Dwarf Fighter began the quest for the
                  | Orb.
     0 | D:1      | Reached XP level 1. HP: 20/20 MP: 1/1
   126 | D:1      | Found a faded altar of an unknown god.
   136 | D:1      | Found Xoxtynea's Assorted Antiques.
   211 | D:1      | Reached XP level 2. HP: 27/27 MP: 2/2
   807 | D:2      | Reached XP level 3. HP: 25/34 MP: 3/3
   841 | D:2      | Noticed Terence
   842 | D:2      | Noticed Jessica
   883 | D:1      | Killed Terence
   884 | D:1      | Reached skill level 4 in Shields
  1212 | D:2      | Killed Jessica
  1213 | D:2      | Reached XP level 4. HP: 42/42 MP: 4/4
  1703 | D:3      | Found a glowing drain.
  1729 | Sewer    | Entered a sewer
  1827 | Sewer    | Reached XP level 5. HP: 26/49 MP: 5/5
  1912 | Sewer    | Reached skill level 1 in Dodging
  2055 | Sewer    | Reached skill level 5 in Shields
  2055 | Sewer    | Reached XP level 6. HP: 56/56 MP: 6/6
  2374 | D:3      | Found an opulent altar of Gozag.
  2452 | D:3      | Became a worshipper of Gozag Ym Sagoz the Greedy
  2475 | D:3      | Found a sacrificial altar of Ru.
  2894 | D:4      | Found a staircase to the Ecumenical Temple.
  3127 | D:4      | Slain by an ogre

Illustrated notes

Levels and vault maps discovered:
D:1:      dpeg_arrival_yet_another_circle, layout_basic,
          ebering_ecumenical_altar_abandoned, serial_shops,
          nicolae_shop_overgrown_old_shop
D:2:      layout_rooms, chequers_serial_rivers_room_a, st_stairs_8,
          uniq_jessica, uniq_terence
D:3:      layout_loops_ring, lemuel_doored_altar, grunt_gozag_statues,
          portal_sewer_entry_a
D:4:      cheibrodos_pilgrimage, layout_basic, minmay_temple_entry_tees,
          minmay_statues_item, nrook_mini_vaults

Skill      XL: |  1  2  3  4  5  6 |
---------------+-------------------+-----
Fighting       | 3 |  3.7
Shields        | 4 5 |  5.3
Long Blades    | 3 4 |  4.4
Armour         | 4 |  4.5
Dodging        | 1 2 |  2.2

Action                   |  1- 3 |  4- 6 || total
-------------------------+-------+-------++-------
Melee: Long sword        |    81 |   226 ||   307
 Abil: Heal Wounds       |     1 |       ||     1
  Use: Potion            |     1 |     7 ||     8
       Scroll            |       |     2 ||     2
Armor: Scale mail        |    32 |       ||    32
       Skin              |    13 |   110 ||   123
       Chain mail        |       |   187 ||   187
Dodge: Dodged            |    31 |    88 ||   119
Block: Kite shield       |    61 |   238 ||   299
       Rpst.: Long sword |    13 |    33 ||    46

Table legend: (Time is in decaauts)
 A = Elapsed time spent in this place.
 B = Non-inter-level travel time spent in this place.
 C = Inter-level travel time spent in this place.
 D = Time resting spent in this place.
 E = Time spent auto-exploring this place.
 F = Levels seen in this place.
 G = Mean time per level.
                   A        B        C        D        E       F      G
               +--------+--------+--------+--------+--------+-----+--------+
         Total |   3330 |   3197 |    133 |    419 |   1821 |   5 |  666.0 |
       Dungeon |   2731 |   2598 |    133 |    305 |   1656 |   4 |  682.8 |
         Sewer |    598 |    598 |      0 |    114 |    165 |   1 |  598.0 |
               +--------+--------+--------+--------+--------+-----+--------+

Top non-repeatable levels by time:
     D:1: 1155 daAuts
     D:3: 727 daAuts
   Sewer: 598 daAuts
     D:2: 471 daAuts
     D:4: 376 daAuts
